 Dungeon Crawl Stone Soup version 0.27-a0-1191-g601b473118 (webtiles) character file.

Game seed: 11976410185900505434

32 polve the Cutter (level 3, 0/27 HPs)
             Began as a Demonspawn Gladiator on May 23, 2021.
             Frozen to death by an endoplasm (2 damage)
             ... on level 2 of the Dungeon.
             The game lasted 00:00:55 (770 turns).

polve the Cutter (Demonspawn Gladiator)              Turns: 770, Time: 00:00:55

Health: 0/27       AC: 10    Str: 15    XL:     3   Next: 10%
Magic:  3/3        EV: 12    Int:  9    God:
Gold:   37         SH:  0    Dex: 14    Spells: 2/2 levels left

rFire    + . .     SeeInvis .   a - +0 rapier
rCold    + . .     Faith    .   (no shield)
rNeg     . . .     Spirit   .   b - +0 leather armour
rPois    +         Reflect  .   c - +0 helmet
rElec    +         Harm     .   (no cloak)
rCorr    +         Rampage  .   (no gloves)
Will     .....                  (no boots)
Stlth    +.........             (no amulet)
HPRegen  0.09/turn              (no ring)
MPRegen  0.08/turn              (no ring)

@: resistant, sanguine armoured
A: sanguine armour 1
a: no special abilities


You were on level 2 of the Dungeon.
You visited 1 branch of the dungeon, and saw 2 of its levels.

You collected 37 gold pieces.

Inventory:

Hand Weapons
 a - a +0 rapier (weapon)
Missiles
 d - 3 throwing nets (quivered)
Armour
 b - a +0 leather armour (worn)
 c - a +0 helmet (worn)
Scrolls
 g - a scroll of blinking {unknown}
Potions
 f - a potion of degeneration {unknown}


   Skills:
 - Level 2.0 Fighting
 + Level 3.9 Short Blades
 - Level 1.7 Throwing
 - Level 2.6 Dodging


You had 2 spell levels left.
You didn't know any spells.
Your spell library was empty.

Dungeon Overview and Level Annotations

Branches:
Dungeon (2/15)

Altars:

Annotations:
D:2 Sigmund


Innate Abilities, Weirdness & Mutations

When seriously injured, your bleeding wounds create armour. (AC +6)


Message History

Sigmund gestures at you while chanting.
You are confused.
The adder hisses angrily.
Found a stone staircase leading down.
You are too confused!
You are too confused!
You are too confused!
You are too confused!
You are too confused!
You are too confused!
You are too confused!
You are too confused!
You are too confused!
There are monsters nearby!
There are monsters nearby!
Sigmund points at you and mumbles some strange words.
The magic dart hits you!
Found 5 gold pieces.
An endoplasm comes into view.
The endoplasm quivers.
The adder closely misses you. The adder bites you.
Your blood congeals into armour.
You are poisoned.
The adder poisons you!
You feel sick.
It was a potion of resistance.
You feel protected.
You feel sick. The adder barely misses you.
Sigmund casts a spell at himself.
Sigmund flickers and vanishes!
Deactivating autopickup; reactivate with Ctrl-A.
You closely miss the adder.
You feel sick.
The adder bites you but does no damage. x2; Something hits you.
* * * LOW HITPOINT WARNING * * *
It was a potion of curing.
You feel better. The adder bites you but does no damage. Something hits you!
* * * LOW HITPOINT WARNING * * *
The endoplasm freezes you.
You are frozen.
You resist.
You die...

#.# .# #.# #.# .>#
#.# #.# #.# .$ #.#
#.# .... #.# #.#
#....####.####.#
######
#....{S@......#
#....#
#.#...J..####<##
#.##.# #......#.....#
#.##.#
#......#.##.####.##.#
#..###.#.###.....##†#
.... ............)..#
#.##.
#.#.###.######## #.
## ..... #.# #.. #
#.#


You could see an adder and an endoplasm.

Vanquished Creatures
  A dart slug (D:1)
  3 ball pythons
  A bat (D:1)
  3 endoplasms (D:1)
  4 goblins (D:1)
  5 jackals (D:1)
  2 kobolds
  A quokka (D:1)
  2 frilled lizards (D:1)
  6 rats
28 creatures vanquished.

Notes
Turn   | Place    | Note
-------+----------+-------------------------------------------
     0 | D:1      | polve the Demonspawn Gladiator began the quest for the Orb.
     0 | D:1      | Reached XP level 1. HP: 16/16 MP: 1/1
    74 | D:1      | Reached skill level 3 in Short Blades
   185 | D:1      | Found a faded altar of an unknown god.
   189 | D:1      | Gained mutation: When seriously injured, your bleeding
                  | wounds create armour. (AC +6) [demonic ancestry]
   189 | D:1      | Reached XP level 2. HP: 22/22 MP: 2/2
   526 | D:1      | Reached XP level 3. HP: 18/27 MP: 3/3
   763 | D:2      | Noticed Sigmund
   770 | D:2      | Frozen to death by an endoplasm

Illustrated notes

Levels and vault maps discovered:
D:1:      eino_arrival_druids_welcome, layout_rooms, basic_ecumenical_altar,
          serial_curves, eino_curves_03, eino_curves_03, eino_curves_03
D:2:      layout_basic, uniq_natasha, uniq_sigmund

Skill      XL: |  1 |
---------------+----+-----
Short Blades   | 3 |  3.9
Fighting       | |  2.0
Throwing       | |  1.7
Dodging        | |  2.6

Action                   || total
-------------------------++-------
Melee: Rapier            ||    76
  Use: Potion            ||     2
Armor: Leather armour    ||    45
Dodge: Dodged            ||    56

Table legend: (Time is in decaauts)
 A = Elapsed time spent in this place.
 B = Non-inter-level travel time spent in this place.
 C = Inter-level travel time spent in this place.
 D = Time resting spent in this place.
 E = Time spent auto-exploring this place.
 F = Levels seen in this place.
 G = Mean time per level.
                   A        B        C        D        E       F      G
               +--------+--------+--------+--------+--------+-----+--------+
         Total |    772 |    748 |     24 |      0 |    574 |   2 |  386.0 |
       Dungeon |    772 |    748 |     24 |      0 |    574 |   2 |  386.0 |
               +--------+--------+--------+--------+--------+-----+--------+

Top non-repeatable levels by time:
     D:1: 726 daAuts
     D:2: 45 daAuts
